 Dungeon Crawl Stone Soup version 0.25-a0-429-g4e4398398a (webtiles) character file.

Game seed: 2998051482283870663, levelgen mode: deterministic

133 Bidonsky the Shooter (level 4, 0/57 HPs)
             Began as a Minotaur Hunter on Jan 25, 2020.
             Was an Initiate of Gozag.
             Succumbed to a kobold's poison
             ... on level 3 of the Dungeon.
             The game lasted 00:13:15 (3210 turns).

Bidonsky the Shooter (Minotaur Hunter)              Turns: 3210, Time: 00:13:16

Health: 0/57       AC: 22    Str: 16 (17) XL:     4   Next: 94%
Magic:  3/3        EV:  2    Int:  8 (11) God:    Gozag
Gold:   332        SH:  0    Dex: 10 (11) Spells: 3/3 levels left

rFire    . . .     SeeInvis .   o - -1 short sword (curse)
rCold    . . .     Gourm    .   (no shield)
rNeg     + + +     Faith    +   (armour currently unavailable)
rPois    +         Spirit   .   (helmet currently unavailable)
rElec    .         Reflect  .   (cloak currently unavailable)
rCorr    .         Harm     .   (gloves currently unavailable)
MR       .....     NoTele   +   (boots currently unavailable)
Stlth    +.........             t - amulet of faith
HPRegen  0.19/turn              p - +3 ring of intelligence
MPRegen  0.08/turn              (no ring)

@: lethally poisoned (0 -> -27), tree-form, gold aura, heavily drained
A: (retaliatory headbutt)
a: Potion Petition, Call Merchant, Bribe Branch, Renounce Religion


You were on level 3 of the Dungeon.
You worshipped Gozag.
Gozag was aware of your devotion.
You were very hungry.
You were a tree.
You visited 1 branch of the dungeon, and saw 3 of its levels.
You also visited: Sewer.

You collected 353 gold pieces.
You paid 21 gold pieces to Gozag.

Inventory:

Hand Weapons
 a - a +1 shortbow
 b - a +0 short sword
 o - a cursed -1 short sword (weapon)
Missiles
 d - 38 arrows
Armour
 c - a +0 leather armour
 e - a +0 pair of gloves
 j - a +2 hat (melded)
 m - a +2 ring mail of fire resistance (melded)
 n - a +0 pair of boots
Jewellery
 k - an uncursed amulet of harm
 p - a +3 ring of intelligence (left branch)
 r - an uncursed amulet of the gourmand
 t - an amulet of faith (around neck)
Scrolls
 s - a scroll of fog
Potions
 f - a potion of flight
 g - 2 potions of invisibility
 l - a potion of degeneration


   Skills:
 + Level 3.0(1.7) Fighting
 * Level 2.1(0.9) Short Blades
 + Level 5.3(3.9) Bows
 + Level 1.9(0.6) Armour
 + Level 3.1(1.8) Dodging
 + Level 1.0(0.0) Stealth


You had 3 spell levels left.
You didn't know any spells.
Your spell library contained the following spells:

 Spells                   Type           Power        Failure   Level  Hunger
 Animate Skeleton         Necr           N/A          41%         1    ##.....
 Pain                     Necr           #...         41%         1    ##.....
 Sublimation of Blood     Necr           #.........   54%         2    ###....
 Vampiric Draining        Necr           #.........   78%         3    ####...


Dungeon Overview and Level Annotations

Branches:
Dungeon (3/15)              Sewer (visited)

Altars:
Ashenzari
Cheibriados
Gozag
Kikubaaqudgha


Innate Abilities, Weirdness & Mutations

((You reflexively headbutt those who attack you in melee.))
((You have a pair of horns on your head.))


Message History

The kobold is severely wounded.
* * * LOW HITPOINT WARNING * * *
You feel sick. The worm bites you but does no damage.
The kobold hits you but does no damage.
You barely miss the kobold.
The kobold is severely wounded.
* * * LOW HITPOINT WARNING * * *
You feel sick. The worm bites you but does no damage.
The kobold completely misses you. The worm bites you but does no damage.
You closely miss the kobold.
The kobold is severely wounded.
* * * LOW HITPOINT WARNING * * *
You feel sick. The kobold hits you but does no damage.
You are more poisoned.
The worm bites you but does no damage.
You are feeling very hungry.
You hit the kobold.
You kill the kobold!
You die...
Your body crumbles into a pile of gold.

* *,,,....#..,,#.##..##''##...
* *,,*.......#+#.....#≈.≈≈#...
* *,,,...........###.######...
*
***,,,,,,###$(...+,....,,,,,,,
* *,,,,,**,*
#.....#*#####***,,, *,,,,,+,,*
#....)+,,,,,* **,, **,,,,,*,,*
#...(.##***,*****,* *,^,,,,*,,*
#w$w...# *,,,,,,,*
*,,,,,,*,,**#.♣....#***********
*,,,,,,,,,*,+.....)+,,,,**,,,,,
***********,#......#***,**,,,,*
******,,,,,**,#......#
*,**,,,,*
*,$,,*,,,,,**,...#####
*,*****,* *,*,,*,,,,,**##.##
*,* *,* *,*,,*,,$,,*,,..*
*,*****,* *,*,,*,,,,,,,,..*
*,,,,,,,* *,*,,*,,,,,*,,,,*
*********


You could see 2 worms.

Vanquished Creatures
  An ogre skeleton (D:2)
  3 adders (D:2)
  A river rat (D:3)
  4 oozes (Sewer)
  5 worms
  2 leopard geckos
  8 bats
  4 giant cockroaches
  4 goblins
  2 hobgoblins
  11 jackals
  5 kobolds
  5 ball pythons
  3 frilled lizards
  2 orc skeletons (D:2)
  A quokka skeleton (D:2)
  8 rats
69 creatures vanquished.

Notes
Turn   | Place    | Note
-------+----------+-------------------------------------------
     0 | D:1      | Bidonsky the Minotaur Hunter began the quest for the Orb.
     0 | D:1      | Reached XP level 1. HP: 18/18 MP: 0/0
   261 | D:1      | Reached XP level 2. HP: 25/25 MP: 1/1
   893 | D:2      | Reached skill level 5 in Bows
   893 | D:2      | Reached XP level 3. HP: 27/30 MP: 2/2
   972 | D:2      | Found a faded altar of an unknown god.
   980 | D:2      | Became a worshipper of Kikubaaqudgha
   980 | D:2      | Reached * piety under Kikubaaqudgha
   980 | D:2      | Identified Kikubaaqudgha's Catalogue of Evil Arts
                  | (Kikubaaqudgha gifted it to you on level 2 of the Dungeon)
   980 | D:2      | Received a gift from Kikubaaqudgha
  1073 | D:2      | Found an opulent altar of Gozag.
  1083 | D:2      | Fell from the grace of Kikubaaqudgha
  1083 | D:2      | Became a worshipper of Gozag Ym Sagoz the Greedy
  1341 | D:2      | Reached skill level 1 in Short Blades
  1391 | D:2      | Found a shattered altar of Ashenzari.
  2357 | D:3      | Reached XP level 4. HP: 35/37 MP: 3/3
  2362 | D:3      | Found a glowing drain.
  2367 | Sewer    | Entered a sewer
  2495 | Sewer    | Reached skill level 1 in Armour
  3114 | D:3      | Reached skill level 1 in Stealth
  3136 | D:3      | Found a snail-covered altar of Cheibriados.
  3209 | D:3      | HP: 2/57 [poisoned by a kobold]
  3210 | D:3      | Succumbed to a kobold's poison

Levels and vault maps discovered:
D:1:      ncdulo_lavacross, layout_loops_corners, lemuel_old_faithful
D:2:      layout_basic, nicolae_gozag_seed_capital,
          ashenzari_conservatory_becter, chequers_ecumenical_altar_simple_redux
D:3:      layout_basic, gup_sewer_entry_bowl, minmay_crystal_room,
          cheibriados_altar_1, uniq_crazy_yiuf_cottage

Skill      XL: |  1  2  3  4 |
---------------+-------------+-----
Bows           | 5 |  5.3
Short Blades   | 1 2 |  2.1
Armour         | 1 |  1.9
Dodging        | 3 |  3.1
Fighting       | 3 |  3.0
Stealth        | 1 |  1.0

Action                   |  1- 3 |  4- 6 || total
-------------------------+-------+-------++-------
Melee: Short sword       |    78 |    98 ||   176
       Headbutt          |     7 |    13 ||    20
 Fire: Shortbow          |    13 |       ||    13
  Use: Scroll            |     7 |     7 ||    14
       Potion            |       |     9 ||     9
 Stab: Invisible         |       |     1 ||     1
  Eat: Ration            |     1 |     1 ||     2
Armor: Ring mail         |    40 |    70 ||   110
       Skin              |       |    11 ||    11
Dodge: Dodged            |    80 |   113 ||   193

Table legend:
 A = Non-vault XP
 B = Vault XP
 C = Vault XP percentage of total XP
 D = Non-vault monster count
 E = Vault monster count
 F = Vault count percentage of total count
                 A         B        C        D         E       F
            +---------+---------+-------+---------+---------+-------
      Total |      98 |      93 |  48.7 |      38 |      27 |  41.5
            +---------+---------+-------+---------+---------+-------
        D:1 |      22 |       0 |   0.0 |      13 |       0 |   0.0
        D:2 |      71 |       0 |   0.0 |      21 |       0 |   0.0
        D:3 |       5 |      22 |  81.5 |       4 |       4 |  50.0
      Sewer |       0 |      71 | 100.0 |       0 |      23 | 100.0
            +---------+---------+-------+---------+---------+-------
